 Dungeon Crawl Stone Soup version 0.32-a0-986-ga09f62fbf4 (webtiles) character file.

Game seed: 17439296930363975931

258 dlwiii the Shooter (level 5, -1/31 HPs)
             Began as a Deep Elf Hunter on Apr 22, 2024.
             Slain by a +2 spectral club (3 damage)
             ... created by Robin
             ... on level 4 of the Dungeon.
             The game lasted 00:11:29 (3596 turns).

dlwiii the Shooter (Deep Elf Hunter)                Turns: 3596, Time: 00:11:29

Health: -1/31      AC:  4    Str:  8    XL:     5   Next: 94%
Magic:  7/7        EV: 12    Int: 14    God:
Gold:   192        SH:  5    Dex: 20    Spells: 3/5 levels left

rFire   . . .        b - +2 dagger (freeze)
rCold   . . .        (no shield)
rNeg    . . .        c - +0 leather armour
rPois   .            o - +0 helmet
rElec   .            (no cloak)
rCorr   .            (no gloves)
SInv    .            (no boots)
Will    .....        s - amulet of reflection
Stlth   ++           (no ring)
HPRegen 0.25/turn    (no ring)
MPRegen 0.10/turn

%: reflection
@: no status effects
A: no striking features
a: no special abilities


You were on level 4 of the Dungeon.
You visited 1 branch of the dungeon, and saw 4 of its levels.

You collected 192 gold pieces.

Inventory:

Hand Weapons
 a - a +0 shortbow
 b - a +2 dagger of freezing (weapon)
 h - a +0 vampiric dagger
Missiles
 d - 4 poisoned darts (quivered)
 j - 2 atropa-tipped darts
Armour
 c - a +0 leather armour (worn)
 m - an orb of wrath
 o - a +0 helmet (worn)
Jewellery
 s - an amulet of reflection (around neck)
Scrolls
 e - a scroll of immolation
 f - a scroll of amnesia
 g - a scroll of butterflies
 i - a scroll of teleportation
 l - a scroll of noise
 r - a scroll of fear {unknown}
Potions
 k - 3 potions of curing {unknown}
 n - a potion of degeneration {unknown}
 p - 2 potions of haste {unknown}
 q - a potion of enlightenment {unknown}


   Skills:
 + Level 2.5 Fighting
 * Level 7.0 Ranged Weapons
 * Level 1.2 Armour
 + Level 3.8 Dodging
 + Level 3.2 Stealth
 + Level 0.5 Spellcasting
 + Level 0.4 Translocations


You had 3 spell levels left.
You knew the following spells:

 Your Spells              Type           Power      Damage    Failure   Level
a - Blink                 Tloc           2%         N/A       43%         2

Your spell library contained the following spells:

 Spells                   Type           Power      Damage    Failure   Level
 Magic Dart               Conj           0%         1d3       36%         1
 Sandblast                Erth           0%         2d4       36%         1
 Lesser Beckoning         Tloc           2%         N/A       43%         2
 Momentum Strike          Conj/Tloc      2%         3d8       47%         2
 Call Imp                 Summ           0%         N/A       52%         2
 Volatile Blastmotes      Fire/Tloc      2%         2d10      71%         3
 Passwall                 Erth           0%         N/A       75%         3
 Stone Arrow              Conj/Erth      0%         3d7       75%         3
 Fulminant Prism          Conj/Alch      0%         3d5       98%         4
 Iskenderun's Mystic Bla Conj/Tloc 1%             2d3        (+2d1     98%         4


Dungeon Overview and Level Annotations

Branches:
Dungeon (4/15) Zot: 20388
 Temple: D:4-7

Altars:
Cheibriados
Dithmenos
Qazlal
Xom
Zin

Annotations:
D:4 Robin


Message History

The goblin is severely wounded.
The goblin hits you but does no damage. The goblin misses you.
The goblin hits you with a +0 club.
You hit the goblin. You freeze the goblin.
You kill the goblin!
The goblin closely misses you. x2
You hit the goblin but do no damage. The goblin completely misses you.
The goblin closely misses you.
You hit the goblin. You freeze the goblin.
You kill the goblin!
The goblin hits you but does no damage.
You hit the goblin. You freeze the goblin.
You kill the goblin!
No target in view!
You start resting.
HP restored.
You climb downwards.
Level annotation: Robin
There is a stone staircase leading up here.
Robin hits you with a +2 spectral club. The +2 spectral club hits you.
A +2 spectral club comes into view.
You completely miss Robin. You block Robin's attack.
The +2 spectral club hits you.
You hit Robin but do no damage. Robin barely misses you.
The +2 spectral club closely misses you.
You hit Robin but do no damage. You block Robin's attack.
The +2 spectral club closely misses you.
You hit Robin but do no damage. Robin barely misses you.
The +2 spectral club hits you!
* * * LOW HITPOINT WARNING * * *
You hit Robin but do no damage. Robin hits you with a +2 spectral club.
* * * LOW HITPOINT WARNING * * *
The +2 spectral club hits you!
* * * LOW HITPOINT WARNING * * *
You hit Robin. You freeze Robin.
Robin is lightly wounded.
Robin hits you with a +2 spectral club.
* * * LOW HITPOINT WARNING * * *
The +2 spectral club hits you.
You die...

#. #<.....#.#.##
........†g.........
##..#
.........S.........
.....
.........!gg......
##..
#.##....###J.....#
.....
..##....###).#.#).
##..# .........
....... ...
........##..#.#.
... ......)<@g....#
##..
.#.#..)..(....# # .
#............ .
......$##..#... ##
#.#....# ..# .#
.$......# .... .
.#.#..#.# ....
#.#..#.# .#..


You could see a +2 spectral club (wandering) and Robin.

Vanquished Creatures
  A scorpion (D:2)
  2 bombardier beetles (D:3)
  Terence (D:3)
  2 adders
  A dart slug (D:2)
  2 ribbon worms
  3 orcs
  6 bats
  4 endoplasms
  4 giant cockroaches
  14 goblins
  10 hobgoblins
  4 jackals (D:3)
  5 kobolds
  A quokka (D:2)
  9 ball pythons
  2 frilled lizards
  5 rats
76 creatures vanquished.

Notes
Turn   | Place    | Note
-------+----------+-------------------------------------------
     0 | D:1      | dlwiii the Deep Elf Hunter began the quest for the Orb.
     0 | D:1      | Reached XP level 1. HP: 12/12 MP: 3/3
    23 | D:1      | Found a faded altar of an unknown god.
   294 | D:1      | Reached XP level 2. HP: 17/17 MP: 4/4
   792 | D:2      | Reached XP level 3. HP: 21/21 MP: 5/5
   940 | D:2      | Noticed a scorpion
   960 | D:2      | Killed a scorpion
   961 | D:2      | Reached skill level 6 in Ranged Weapons
   961 | D:2      | Reached XP level 4. HP: 23/26 MP: 6/6
  1645 | D:3      | Reached skill level 1 in Armour
  1645 | D:3      | Reached XP level 5. HP: 31/31 MP: 7/7
  1647 | D:3      | Found a stormy altar of Qazlal.
  2024 | D:3      | Noticed an angel
  2025 | D:3      | Found a glowing silver altar of Zin.
  2026 | D:3      | Found a shimmering altar of Xom.
  2273 | D:3      | Learned a level 2 spell: Blink
  2323 | D:3      | Noticed Terence
  2349 | D:3      | Killed Terence
  2476 | D:3      | Found a snail-covered altar of Cheibriados.
  2477 | D:3      | Found a shadowy altar of Dithmenos.
  3132 | D:4      | Noticed Robin
  3483 | D:4      | Reached skill level 7 in Ranged Weapons
  3596 | D:4      | Slain by a +2 spectral club

Illustrated notes

Levels and vault maps discovered:
D:1:      saegor_arrival_simple_e, layout_loops_cross,
          hellmonk_ecumenical_altar_blasted
D:2:      cheibrodos_old_hovel, layout_rooms
D:3:      layout_basic, grunt_temple_overflow_order_and_chaos_1,
          mainiacjoe_overflow_divided_tiny, grunt_qazlal_sundering,
          lightli_corner_chamber, uniq_terence
D:4:      layout_basic, uniq_menkaure, uniq_eustachio, uniq_robin

Skill      XL: |  1  2  3  4  5 |
---------------+----------------+-----
Stealth        | 2 3 |  3.2
Fighting       | 2 |  2.5
Ranged Weapons | 6 7 |  7.0
Dodging        | 3 |  3.8
Armour         | 1 |  1.2
Spellcasting   | |  0.5
Translocations | |  0.4

Action                     |  1- 3 |  4- 6 || total
---------------------------+-------+-------++-------
  Melee: Dagger            |       |    55 ||    55
   Fire: Shortbow          |    72 |    80 ||   152
  Throw: Dart              |     3 |     2 ||     5
    Use: Scroll            |       |     5 ||     5
   Stab: Sleeping          |       |     1 ||     1
 Armour: Leather armour    |    14 |    55 ||    69
  Dodge: Dodged            |    15 |    57 ||    72
  Block: Other             |       |    11 ||    11

Table legend: (Time is in decaauts)
 A = Elapsed time spent in this place.
 B = Non-inter-level travel time spent in this place.
 C = Inter-level travel time spent in this place.
 D = Time resting spent in this place.
 E = Time spent auto-exploring this place.
 F = Levels seen in this place.
 G = Mean time per level.
                   A        B        C        D        E       F      G
               +--------+--------+--------+--------+--------+-----+--------+
         Total |   3610 |   3398 |    212 |   1360 |   1559 |   4 |  902.5 |
       Dungeon |   3610 |   3398 |    212 |   1360 |   1559 |   4 |  902.5 |
               +--------+--------+--------+--------+--------+-----+--------+

Top non-repeatable levels by time:
     D:3: 1718 daAuts
     D:1: 715 daAuts
     D:2: 649 daAuts
     D:4: 525 daAuts
